 Dungeon Crawl Stone Soup version 0.24.1-14-gf8d2b509d9 (webtiles) character file.

Game seed: 11940068992088118959, levelgen mode: deterministic

22 mortelune the Ruffian (level 2, 0/25 HPs)
             Began as a Naga Transmuter on May 23, 2020.
             Hit by a stone thrown by a kobold (1 damage)
             ... on level 1 of the Dungeon.
             The game lasted 00:01:19 (1263 turns).

mortelune the Ruffian (Naga Transmuter)             Turns: 1263, Time: 00:01:19

Health: 0/25       AC:  1    Str: 12    XL:     2   Next: 91%
Magic:  1/5        EV: 10    Int: 13    God:
Gold:   94         SH:  0    Dex: 11    Spells: 2/5 levels left

rFire    . . .     SeeInvis +     - Unarmed
rCold    . . .     Gourm    .   (no shield)
rNeg     . . .     Faith    .   b - +0 robe
rPois    +         Spirit   .   (no helmet)
rElec    .         Reflect  .   (no cloak)
rCorr    .         Harm     .   (no gloves)
MR       .....                  (no barding)
Stlth    +.........             (no amulet)
HPRegen  0.08/turn              (no ring)
MPRegen  0.09/turn              (no ring)

@: very slow
A: large, see invisible, deformed body, poison resistance, slowness 2, slow
metabolism 1, spit poison 1, AC +0
a: Spit Poison


You were on level 1 of the Dungeon.
You were not hungry.

You visited 1 branch of the dungeon, and saw 1 of its levels.

You collected 94 gold pieces.

Inventory:

Missiles
 Q - 7 arrows
Armour
 b - a +0 robe (worn)
Scrolls
 c - 2 scrolls of identify {unknown}
 e - a scroll of remove curse {unknown}
Potions
 a - a potion of curing {unknown}
Comestibles
 d - 3 rations
 f - a chunk of flesh


   Skills:
 + Level 1.4 Fighting
 - Level 1.5 Dodging
 + Level 3.2 Unarmed Combat
 + Level 2.2 Spellcasting
 * Level 2.5 Transmutations


You had 2 spell levels left.
You knew the following spells:

 Your Spells              Type           Power        Failure   Level  Hunger
a - Beastly Appendage     Tmut           #.....       9%          1    ##.....
b - Sticks to Snakes      Tmut           #.......     13%         2    ###....

Your spell library contained the following spells:

 Spells                   Type           Power        Failure   Level  Hunger
 Spider Form              Tmut/Pois      #.........   41%         3    ####...
 Ice Form                 Ice/Tmut       #.......     82%         4    #####..
 Blade Hands              Tmut           #.........   94%         5    ######.


Dungeon Overview and Level Annotations

Branches:
Dungeon (1/15)

Altars:


Innate Abilities, Weirdness & Mutations

You cannot wear boots.
Your serpentine skin is tough. (AC +0)
You have supernaturally acute eyesight. (SInv)
Armour fits poorly on your strangely shaped body.
Your system is resistant to poisons. (rPois)
You cover ground very slowly.
You have a slow metabolism.
You can spit poison.


Message History

* * * LOW HITPOINT WARNING * * *
Casting: Beastly Appendage (safe; 9% risk of failure)
Confirm with . or Enter, or press ? or * to list all spells.
You create a snake!
You now have 8 arrows.
The leopard gecko closely misses you. The leopard gecko closely misses you.
You swap places.
Your ball python barely misses the leopard gecko.
Your ball python closely misses the leopard gecko.
The leopard gecko bites your ball python.
Your ball python dies!
Casting: Sticks to Snakes (safe; 13% risk of failure)
Confirm with . or Enter, or press ? or * to list all spells.
You create a snake!
You now have 7 arrows.
The leopard gecko bites you.
* * * LOW HITPOINT WARNING * * *
The leopard gecko bites you.
* * * LOW HITPOINT WARNING * * *
The kobold throws a stone.
The stone barely misses your adder.
The stone misses the leopard gecko.
The stone hits you.
You die...

###### #.#
#.....#.# #. #.#
#...#.# ## ######.#
#.#.#.# ###
#......# #.#.#.#
#..
#......#####.###.#
#..
#...........K....#
#..
##.....######S#####
#..
#............#l#
#..
#.##########.#@#
#... #.#.# #...
#)#.# #... #.#.#
#... #.#.# #.#.#
#.#.# #.#.# #.#.#


You could see a leopard gecko, a kobold and a friendly adder.

Vanquished Creatures
  A worm (D:1)
  A dart slug (D:1)
  2 leopard geckos (D:1)
  3 bats (D:1)
  A giant cockroach (D:1)
  3 goblins (D:1)
  A hobgoblin (D:1)
  A frilled lizard (D:1)
  A kobold (D:1)
  A rat (D:1)
15 creatures vanquished.

Notes
Turn   | Place    | Note
-------+----------+-------------------------------------------
     0 | D:1      | mortelune the Naga Transmuter began the quest for the Orb.
     0 | D:1      | Reached XP level 1. HP: 18/18 MP: 3/3
   103 | D:1      | Reached XP level 2. HP: 25/25 MP: 3/5
   107 | D:1      | Learned a level 2 spell: Sticks to Snakes
  1262 | D:1      | HP: 1/25 [leopard gecko (5)]
  1263 | D:1      | Hit by a stone thrown by a kobold

Levels and vault maps discovered:
D:1:      evilmike_arrival_run_for_it, layout_basic

Action                   || total
-------------------------++-------
Melee: Unarmed           ||    50
       Headbutt          ||     7
 Cast: Beastly Appendage ||    11
       Sticks to Snakes  ||     5
  Eat: Chunk             ||     1
Armor: Robe              ||    17
Dodge: Dodged            ||    51
